 Dungeon Crawl Stone Soup version 0.14.2 (webtiles) character file.

105 Amnesiac the Charlatan (level 3, 0/18 HPs)
             Began as a Spriggan Artificer on Feb 9, 2018.
             Succumbed to an adder's poison
             ... on Level 1 of the Dungeon.
             The game lasted 00:03:16 (2044 turns).

Amnesiac the Charlatan (Spriggan Artificer)         Turns: 2044, Time: 00:03:17

HP   0/18        AC  2     Str 12      XL: 3   Next: 89%
MP   8/8         EV 26     Int 13      God:
Gold 42          SH  0     Dex 22      Spells:  0 memorised,  2 levels left

rFire  . . .     SeeInvis +     a - +0 short sword
rCold  . . .     Clarity  .     e - +0 robe
rNeg   . . .     Conserve .     (shield restricted)
rPois  .         rCorr    .     (helmet restricted)
rElec  .         rRot     .     (no cloak)
SustAb . .       Spirit   .     (gloves unavailable)
rMut   .         Warding  .     (boots unavailable)
Saprov . . .     Stasis   .     (no amulet)
MR     .....                    (no ring)
                                (no ring)

@: mighty, agile, lethally poisoned, very quick, not resistant to hostile
enchantments, quite stealthy
A: unfitting armour, see invisible, herbivore 3, speed 3, slow metabolism 2
a: no special abilities


You were on level 1 of the Dungeon.
You were very full.

You visited 1 branch of the dungeon, and saw 2 of its levels.

You collected 42 gold pieces.

Inventory:

Hand weapons
 a - a +0,+0 short sword (weapon)
 l - a +0,+0 mace
Missiles
 j - a dart of frost (quivered)
 p - 25 darts
Armour
 e - a +0 robe (worn)
Magical devices
 b - a wand of flame (12)
 c - a wand of enslavement (15)
 d - a wand of random effects (12)
Comestibles
 f - a choko
 h - a meat ration
Scrolls
 g - a scroll of identify {!r, unknown}
 k - a scroll of recharging {!r, unknown}
 o - a scroll of amnesia {!r, unknown}
Jewellery
 n - an uncursed ring of ice {unknown}
Potions
 m - a potion of might {!q}


   Skills:
 - Level 1.0 Fighting
 - Level 1.1 Short Blades
 + Level 4.2 Dodging
 - Level 1.5 Stealth
 * Level 5.9 Evocations


You had 2 spell levels left.
You didn't know any spells.

Dungeon Overview and Level Annotations

Branches:
Dungeon (2/15)

Altars:


Innate Abilities, Weirdness & Mutations

You are tiny and cannot use many weapons and most armour.
You have supernaturally acute eyesight.
You are a herbivore.
You cover ground extremely quickly.
You need consume almost no food.


Message History

There is a stone staircase leading up here.
The adder bites you.
You climb upwards.
There is a stone staircase leading down here.
You see here a rat skeleton.
Evoke which item? (* to show all) (? for menu, Esc to quit)
Zapping:
b - a wand of flame (15)
Press: ? - help, Shift-Dir - straight line, f - adder
Aim: an adder The puff of flame misses the adder.
This wand has 14 charges left.
Evoke which item? (* to show all) (? for menu, Esc to quit)
Zapping:
b - a wand of flame (14)
Press: ? - help, Shift-Dir - straight line, f/p - adder
Aim: an adder The puff of flame misses the adder.
This wand has 13 charges left.
The adder bites you.
You are poisoned.
The adder poisons you!
Evoke which item? (* to show all) (? for menu, Esc to quit)
Zapping:
b - a wand of flame (13)
Press: ? - help, Shift-Dir - straight line, f/p - adder
Aim: an adder The puff of flame hits the adder.
The adder is heavily wounded.
This wand has 12 charges left.
You feel sick. The adder misses you.
You barely miss the adder.
The adder is heavily wounded.
The adder bites you but does no damage. x2
You hit the adder.
The adder is almost dead.
You feel sick. The adder closely misses you.
You barely miss the adder.
The adder is almost dead.
The adder barely misses you.
You miss the adder.
The adder is almost dead.
You feel sick. The adder bites you.
* * * LOW HITPOINT WARNING * * *
You are lethally poisoned!
The adder poisons you! The adder bites you.
* * * LOW HITPOINT WARNING * * *
* * * LOW HITPOINT WARNING * * *
You feel sick.
Drink which item? (? for menu, Esc to quit)
Okay, then.
Drink which item? (? for menu, Esc to quit)
Really quaff
m - 2 fuming red potions {!q}?
You feel very mighty all of a sudden.
It was a potion of might {!q}.
* * * LOW HITPOINT WARNING * * *
You feel sick.
Drink which item? (? for menu, Esc to quit)
Really quaff
i - a black potion {!q}?
You feel agile all of a sudden.
It was a potion of agility {!q}.
* * * LOW HITPOINT WARNING * * *
You feel sick. The adder completely misses you.
The adder completely misses you.
You barely miss the adder.
The adder is almost dead.
The adder closely misses you.
You slash the adder!
You kill the adder!
You die...

#.##.#..##.###
#.##.#..##...############
#.##.#..##.#.......[....#
#.##.#..##...#.########.#
#.##.......)###....# #>#
..####..###..#.###.# #.#
..# #...# #.#.## #.# #.#
..# #..## #.#.####.####.#
#.# #..# #.#...@%...%..#
..###..# #.######.######
.......# #.# #.#
...##.#####.# #.#
............######.#
...##..............#
..###..#############
...##..# ...>...#


There were no monsters in sight!

Vanquished Creatures
  A worker ant (D:1)
  An adder (D:1)
  A giant gecko (D:1)
  An ooze (D:1)
  4 bats (D:1)
  2 hobgoblins (D:1)
  7 jackals (D:1)
  A giant newt (D:1)
  5 goblins
  2 kobolds (D:1)
  A rat (D:1)
26 creatures vanquished.

Notes
Turn   | Place    | Note
--------------------------------------------------------------
     0 | D:1      | Amnesiac, the Spriggan Artificer, began the quest for the Orb.
     0 | D:1      | Reached XP level 1. HP: 9/9 MP: 2/2
     0 | D:1      | Noticed an iron imp
     3 | D:1      | Noticed an ice devil
     5 | D:1      | Noticed an Executioner
     5 | D:1      | Noticed Coz Ywuf the pandemonium lord
    34 | D:1      | Reached skill level 1 in Fighting
   247 | D:1      | Reached XP level 2. HP: 8/14 MP: 5/5
   924 | D:1      | Reached skill level 5 in Evocations
  1335 | D:1      | Noticed a reaper
  1337 | D:1      | Noticed a blue devil
  1560 | D:2      | Noticed Ijyb
  1584 | D:1      | Noticed Ijyb
  1584 | D:1      | Ijyb changed into Ijyb the worker ant
  1589 | D:1      | Reached XP level 3. HP: 18/18 MP: 8/8
  1597 | D:1      | Killed Ijyb the worker ant
  2044 | D:1      | Succumbed to an adder's poison

Action                   || total
-------------------------++-------
Melee: Short sword       ||   128
Throw: Dart              ||     4
Evoke: Wand              ||     6
  Use: Potion            ||     3
 Stab: Sleeping          ||     1
